 Dungeon Crawl Stone Soup version 0.30.1 (webtiles) character file.

Game seed: 14640185310705021567

51 rifles the Shield-Bearer (level 4, -3/37 HPs)
             Began as a Formicid Fighter on July 1, 2023.
             Slain by a goblin
             ... wielding a +0 dagger
             ... led by Robin
              (4 damage)
             ... on level 2 of the Dungeon.
             The game lasted 00:02:51 (933 turns).

rifles the Shield-Bearer (Formicid Fighter)          Turns: 933, Time: 00:02:52

Health: -3/37      AC:  7    Str: 22    XL:     4   Next: 5%
Magic:  4/4        EV:  9    Int:  8    God:
Gold:   83         SH:  5    Dex: 13    Spells: 3/3 levels left

rFire   . . .        a - +0 quarterstaff
rCold   . . .        c - +0 buckler
rNeg    . . .        b - +0 scale mail
rPois   .            (helmet unavailable)
rElec   .            (no cloak)
rCorr   .            (no gloves)
SInv    +            (no boots)
Will    .....        (no amulet) Stlth
                     (no ring)
HPRegen 0.26/turn    (no ring)
MPRegen 0.09/turn

%: no passive effects
@: mighty
A: permanent stasis, dig shafts and tunnels, antennae 3, four strong arms
a: Dig, Shaft Self


You were on level 2 of the Dungeon.
You visited 1 branch of the dungeon, and saw 2 of its levels.

You collected 83 gold pieces.

Inventory:

Hand Weapons
 a - a +0 quarterstaff (weapon)
 h - a +1 dagger of pain
Armour
 b - a +0 scale mail (worn)
 c - a +0 buckler (worn)
Scrolls
 e - a scroll of amnesia {unknown}
 g - a scroll of brand weapon {unknown}
 i - a scroll of silence {unknown}
 k - a scroll of butterflies {unknown}
Potions
 f - a potion of heal wounds {unknown}
 j - 2 potions of cancellation {unknown}
 l - 2 potions of degeneration {unknown}


   Skills:
 + Level 3.7 Fighting
 + Level 2.8 Staves
 + Level 3.7 Armour
 + Level 0.2 Dodging
 + Level 0.1 Stealth
 + Level 4.4 Shields


You had 3 spell levels left.
You didn't know any spells.
Your spell library contained the following spells:

 Spells                   Type           Power      Damage    Failure   Level
 Arcjolt                  Conj/Air       0%         1d10      100%        5
 Plasma Beam              Fire/Air       0%         2x1d11    100%        6
 Vhi's Electric Charge    Tloc/Air       Unusable   N/A       N/A         3

Dungeon Overview and Level Annotations

Branches:
Dungeon (2/15)

Altars:


Innate Abilities, Weirdness & Mutations

You cannot be hasted, slowed, berserked, paralysed or teleported.
You can dig through walls and to a lower floor.
You have a pair of large antennae on your head. (SInv)
Your four strong arms can wield two-handed weapons with a shield.


Message History

The goblin hits you with a +0 club. The goblin barely misses you.
Okay, then.
You feel very mighty all of a sudden. Robin throws the goblin at you!
The goblin hits you but does no damage. You block the goblin's attack. x2
You closely miss the goblin.
The goblin is heavily wounded.
The goblin barely misses you.
The goblin hits you but does no damage. x2
You bludgeon the goblin!!
You kill the goblin!
Robin zaps a wand.
The puff of flame hits you. The goblin closely misses you.
The goblin hits you with a +0 dagger. The goblin barely misses you.
The goblin hits you with a +0 dagger.
Robin zaps a wand.
The puff of flame hits you.
You have reached level 4!
You feel clever.
You sock the goblin!
You kill the goblin!
The goblin hits you with a +0 dagger.
* * * LOW HITPOINT WARNING * * *
You hit the goblin.
You kill the goblin!
Robin hits you with a +0 spectral club.
* * * LOW HITPOINT WARNING * * *
You barely miss Robin. Robin hits you with a +0 spectral club.
* * * LOW HITPOINT WARNING * * *
You sock Robin!
Robin is severely wounded.
Robin hits you but does no damage.
You hit Robin but do no damage.
Robin is severely wounded.
Robin throws the goblin at you!
* * * LOW HITPOINT WARNING * * *
The goblin hits you with a +0 dagger.
* * * LOW HITPOINT WARNING * * *
Robin barely misses you.
You thump Robin!
You kill Robin!
The goblin hits you with a +0 dagger.
You die...

#.†....####
...
#.........
.###
#.########
.. #.# ..
##.########
#......^...
#..#....###
#)g........
#@##....###
#)# ....#
#.# ....#
#.# #####
#.# #.# #.#
#.#


You could see a goblin (strong).

Vanquished Creatures
  Robin (D:2)
  4 endoplasms (D:1)
  4 giant cockroaches
  11 goblins
  7 hobgoblins
  2 ball pythons (D:1)
  A bat (D:2)
  6 kobolds
  7 rats
43 creatures vanquished.

Notes
Turn   | Place    | Note
-------+----------+-------------------------------------------
     0 | D:1      | rifles the Formicid Fighter began the quest for the Orb.
     0 | D:1      | Reached XP level 1. HP: 18/18 MP: 1/1
   140 | D:1      | Reached XP level 2. HP: 24/24 MP: 2/2
   288 | D:1      | Reached XP level 3. HP: 24/29 MP: 3/3
   912 | D:2      | Noticed Robin
   928 | D:2      | Reached XP level 4. HP: 14/37 MP: 4/4
   932 | D:2      | HP: 1/37 [goblin/+0 dagger[Robin] (1)]
   933 | D:2      | Killed Robin
   933 | D:2      | Slain by a goblin

Illustrated notes

Levels and vault maps discovered:
D:1:      saegor_arrival_fortress, layout_basic, chequers_serial_rivers_micro_c
D:2:      layout_basic, minmay_close_crescents, uniq_crazy_yiuf_cottage,
          uniq_robin

Action                     |  1- 3 |  4- 6 || total
---------------------------+-------+-------++-------
  Melee: Quarterstaff      |   106 |     6 ||   112
    Use: Potion            |     1 |       ||     1
 Armour: Scale mail        |    52 |     1 ||    53
  Dodge: Dodged            |    65 |     1 ||    66
  Block: Buckler           |    30 |       ||    30
